[Event "Titled Tuesday Blitz June 27 Late 2023"]
[White "Ohanyan, Emin"]
[Black "Keleberda, Tymur"]
[WhiteFideId "13312022"]
[BlackFideId "14174294"]
[WhiteElo "2785"]
[BlackElo "2511"]
[Result "1-0"]
[Round "3"]
[TimeControl "180+2"]
[Date "2023.06.27"]
[WhiteClock "0:00:36"]
[BlackClock "0:00:03"]
[Board "64"]

1. e4 c5 2. Nf3 d6 3. d4 cxd4 4. Nxd4 Nf6 5. Nc3 a6 6. Bc4 b5 7. Bb3 e6 8. f4 Qc7 9. f5 e5 10. Nde2 Bb7 11. Ng3 Nbd7 12. Bg5 b4 13. Nd5 Nxd5 14. Bxd5 Bxd5 15. Qxd5 Nb6 16. Qd3 h6 17. Bd2 d5 18. exd5 Qd7 19. O-O-O Be7 20. Nh5 Kf8 21. Be3 Bg5 22. Kb1 Bxe3 23. Qxe3 Qd6 24. Qd3 f6 25. Ng3 Kf7 26. Ne4 Qd7 27. d6 Rhc8 28. Qb3+ Nc4 29. Nd2 Qb5 30. d7 a5 31. a4 Qxd7 32. Nxc4 Qc7 33. Nxe5+ Ke8 34. Qg8+ 1-0


[Site "https://www.chess.com"]

[Event "Titled Tuesday Blitz June 27 Late 2023"]
[White "Maksimovic, Bojan"]
[Black "Martinez Reyes, Pedro Ramon"]
[WhiteFideId "14408120"]
[BlackFideId "3901807"]
[WhiteElo "2778"]
[BlackElo "2511"]
[Result "0-1"]
[Round "3"]
[TimeControl "180+2"]
[Date "2023.06.27"]
[WhiteClock "0:01:41"]
[BlackClock "0:00:42"]
[Board "65"]

1. Nf3 Nf6 2. g3 b5 3. Bg2 Bb7 4. O-O g6 5. d3 Bg7 6. Nbd2 O-O 7. c4 a6 8. Nb3 bxc4 9. dxc4 d6 10. Na5 Be4 11. c5 Nc6 12. cxd6 Nxa5 13. dxe7 Qxe7 14. Qa4 Nc6 15. Bf4 Nd5 16. Bd2 Nb6 17. Qb3 Rad8 18. Rfd1 Nd4 19. Nxd4 Rxd4 20. Bxe4 Qxe4 21. e3 Rd3 22. Bc3 Rfd8 23. Rxd3 Qxd3 24. Bxg7 Qxb3 25. axb3 Kxg7 26. Rxa6 Rd2 27. Ra7 Rxb2 28. Rxc7 Rxb3 29. Rc5 Nd7 30. Rd5 Nf6 31. Rd4 Rb2 32. h3 h5 33. Kg2 Nh7 34. Ra4 Ng5 35. Rd4 Ne6 36. Re4 Nc5 37. Rd4 Rc2 38. Kf3 Kf6 39. Kg2 Ne6 40. Re4 Kf5 41. Ra4 Rd2 42. Ra5+ Kf6 43. Ra4 Nc5 44. Rf4+ Ke6 45. Kf1 Nd3 46. Rf3 f5 47. g4 hxg4 48. hxg4 fxg4 49. Rf8 Ne5 50. Rf4 Rd7 51. Re4 Kf5 52. Rf4+ Kg5 53. Ra4 Nf3 54. Ra5+ Kh4 55. Ra8 Rd1+ 56. Ke2 Rd2+ 57. Kf1 g3 58. Ra4+ Kh3 59. fxg3 Kxg3 60. e4 Rf2# 0-1


[Site "https://www.chess.com"]

[Event "Titled Tuesday Blitz June 27 Late 2023"]
[White "Trost, Edvin"]
[Black "Graif, William"]
[WhiteFideId "1729519"]
[BlackFideId "2609835"]
[WhiteElo "2747"]
[BlackElo "2511"]
[Result "1-0"]
[Round "3"]
[TimeControl "180+2"]
[Date "2023.06.27"]
[WhiteClock "0:00:47"]
[BlackClock "0:00:00"]
[Board "66"]

1. e4 e5 2. f4 d5 3. exd5 c6 4. dxc6 Bc5 5. Nf3 e4 6. cxb7 Bxb7 7. Bb5+ Kf8 8. d4 exf3 9. dxc5 Qe7+ 10. Kf2 Nf6 11. Re1 Ne4+ 12. Rxe4 Bxe4 13. Nc3 Bb7 14. Be3 fxg2 15. Nd5 Qh4+ 16. Kg1 Nc6 17. Nc7 Rd8 18. Qe2 g6 19. c3 Qe7 20. Na6 Re8 21. Re1 Kg7 22. Bxc6 1-0


[Site "https://www.chess.com"]

[Event "Titled Tuesday Blitz June 27 Late 2023"]
[White "Aradhya, Garg"]
[Black "Jovic, Stanoje"]
[WhiteFideId "25006746"]
[BlackFideId "905020"]
[WhiteElo "2745"]
[BlackElo "2509"]
[Result "1-0"]
[Round "3"]
[TimeControl "180+2"]
[Date "2023.06.27"]
[WhiteClock "0:01:27"]
[BlackClock "0:00:00"]
[Board "67"]

1. d4 Nf6 2. c4 e6 3. Nc3 Bb4 4. Nf3 b6 5. g3 Ba6 6. Qb3 Bxc3+ 7. Qxc3 d5 8. cxd5 exd5 9. Bg5 O-O 10. e3 Bxf1 11. Kxf1 c6 12. Ne5 h6 13. Bxf6 Qxf6 14. Kg2 Re8 15. b4 a5 16. a3 Qd6 17. Rhc1 axb4 18. axb4 Rxa1 19. Rxa1 f6 20. Nd3 Nd7 21. Ra7 Rc8 22. Qa3 g5 23. Qa6 Rc7 24. Rxc7 Qxc7 25. Qa8+ Kg7 26. b5 Nb8 27. Nb4 cxb5 28. Nxd5 Qc6 29. Qxc6 Nxc6 30. Nxb6 b4 31. Nc4 b3 32. Kf3 f5 33. Ke2 g4 34. Kd2 Ne7 35. Kc3 Nd5+ 36. Kxb3 Nf6 37. Nd6 Kg6 38. Kc4 h5 39. d5 h4 40. gxh4 Nd7 41. Kd4 Nf6 42. Nc4 Ne4 43. Ne5+ Kf6 44. Nd3 Nd2 45. Kc5 Nf3 46. d6 Nxh4 47. Kc6 Ng6 48. d7 1-0


[Site "https://www.chess.com"]

[Event "Titled Tuesday Blitz June 27 Late 2023"]
[White "Deng, Henry"]
[Black "Nazari, Arad"]
[WhiteFideId "30965454"]
[BlackFideId "12577324"]
[WhiteElo "2508"]
[BlackElo "2742"]
[Result "0-1"]
[Round "3"]
[TimeControl "180+2"]
[Date "2023.06.27"]
[WhiteClock "0:00:13"]
[BlackClock "0:01:18"]
[Board "68"]

1. e4 c5 2. Nc3 d6 3. Nf3 Nf6 4. d4 cxd4 5. Nxd4 a6 6. Be2 e5 7. Nb3 Be7 8. O-O O-O 9. Qd3 Nc6 10. Nd5 Nxd5 11. exd5 Nb4 12. Qc4 a5 13. a3 b5 14. Qc3 Nxd5 15. Qc6 Be6 16. Qxb5 Qc7 17. Qd3 a4 18. Nd2 Nf4 19. Qe3 Nxe2+ 20. Qxe2 Qxc2 21. Qe3 f5 22. f4 e4 23. Kh1 d5 24. Nf3 Bc5 25. Qe1 d4 26. Ng5 Bc4 27. Rf2 Qb3 28. Bd2 h6 29. Nxe4 fxe4 30. Qxe4 Rae8 31. Qc6 Rc8 32. Qd7 Be6 0-1


[Site "https://www.chess.com"]

[Event "Titled Tuesday Blitz June 27 Late 2023"]
[White "Matinian, Nikita"]
[Black "Toncheva, Nadya"]
[WhiteFideId "24129100"]
[BlackFideId "2924056"]
[WhiteElo "2735"]
[BlackElo "2506"]
[Result "1-0"]
[Round "3"]
[TimeControl "180+2"]
[Date "2023.06.27"]
[WhiteClock "0:01:57"]
[BlackClock "0:00:31"]
[Board "69"]

1. e4 c5 2. Nf3 Nc6 3. Bb5 e6 4. c3 Nge7 5. d4 cxd4 6. cxd4 d5 7. e5 Bd7 8. Nc3 Nf5 9. O-O Bb4 10. Bd3 Nfxd4 11. Nxd4 Nxd4 12. Qg4 Bxc3 13. bxc3 Nc6 14. Qxg7 Rf8 15. Bh6 Qe7 16. Qxf8+ Qxf8 17. Bxf8 Kxf8 18. f4 Rc8 19. Bxh7 Na5 20. Rf3 Kg7 21. Bc2 d4 22. Rd1 Nc6 23. cxd4 Nb4 24. Bb1 Ba4 25. Rdf1 Nd5 26. f5 exf5 27. Bxf5 Rc7 28. Rg3+ Kf8 29. e6 Nc3 30. Bd3 1-0


[Site "https://www.chess.com"]

[Event "Titled Tuesday Blitz June 27 Late 2023"]
[White "ArchibaldCerveza29"]
[Black "Pakleza, Zbigniew"]
[BlackFideId "1119290"]
[WhiteElo "2504"]
[BlackElo "2717"]
[Result "0-1"]
[Round "3"]
[TimeControl "180+2"]
[Date "2023.06.27"]
[WhiteClock "0:00:04"]
[BlackClock "0:00:04"]
[Board "70"]

1. e4 d6 2. d4 Nf6 3. Nc3 c6 4. a4 a5 5. g3 e5 6. Nge2 Nbd7 7. Bg2 Be7 8. O-O O-O 9. h3 Re8 10. Kh2 Bf8 11. f4 exd4 12. Nxd4 Nc5 13. Re1 Qb6 14. Rb1 Bd7 15. g4 g6 16. g5 Nh5 17. Be3 Qc7 18. Qf3 Bg7 19. Rbd1 Rad8 20. Kh1 Bc8 21. Bg1 f6 22. gxf6 Nxf6 23. Qg3 Nh5 24. Qh2 Qf7 25. Rf1 Rf8 26. Be3 Qc4 27. Nde2 Qb4 28. Bd4 Qxb2 29. Bxg7 Kxg7 30. f5 Qxc2 31. Rxd6 Rde8 32. fxg6 Rxf1+ 33. Bxf1 Nxe4 34. Nxe4 Qxe4+ 35. Qg2 hxg6 36. Rd4 Qxg2+ 37. Kxg2 Be6 38. Rd6 Bd5+ 39. Kf2 Re7 40. Nd4 Nf6 41. Bd3 Ne4+ 42. Bxe4 Rxe4 43. Nf3 Rxa4 44. Rd7+ Kf6 45. Rxb7 Ra2+ 46. Kg3 Ra3 47. Kg4 Bxf3+ 48. Kf4 g5+ 49. Kg3 Bh5+ 50. Kf2 Ra2+ 51. Ke3 Bf7 52. Kd3 Bd5 53. h4 gxh4 54. Rh7 h3 55. Kd4 h2 56. Kc5 h1=Q 57. Rc7 Qg1+ 58. Kd6 Qg3+ 59. Kd7 Qxc7+ 60. Ke8 Qe7# 0-1


[Site "https://www.chess.com"]

[Event "Titled Tuesday Blitz June 27 Late 2023"]
[White "Mathieu, Phileas"]
[Black "Mihajlov, Sebastian"]
[WhiteFideId "36048410"]
[BlackFideId "1512110"]
[WhiteElo "2504"]
[BlackElo "2698"]
[Result "0-1"]
[Round "3"]
[TimeControl "180+2"]
[Date "2023.06.27"]
[WhiteClock "0:00:13"]
[BlackClock "0:01:04"]
[Board "71"]

1. e4 e6 2. d3 d5 3. Qe2 Nc6 4. Nf3 e5 5. exd5 Qxd5 6. Nc3 Bb4 7. Bd2 Bxc3 8. Bxc3 Bg4 9. Qe4 Bxf3 10. gxf3 Nf6 11. Qh4 O-O-O 12. O-O-O Qxa2 13. Rg1 Nd4 14. Qh3+ Kb8 15. Rxg7 Nd5 16. Bxd4 exd4 17. Rg4 Qa1+ 18. Kd2 Qxb2 19. Rc1 f5 20. Rg1 Rhe8 21. Bg2 Re2+ 22. Kxe2 Nf4+ 23. Kd1 Nxh3 24. Bxh3 a5 25. Bxf5 a4 26. Bxh7 a3 27. Be4 a2 28. Ke2 c6 29. f4 Rh8 30. f5 Rxh2 31. f6 Rh6 32. f7 Rf6 33. Bg6 Kc7 34. Bh5 a1=Q 35. Rxa1 Qxc2+ 36. Ke1 Qxf2+ 37. Kd1 Qxg1+ 38. Kc2 Qxa1 0-1


[Site "https://www.chess.com"]

[Event "Titled Tuesday Blitz June 27 Late 2023"]
[White "Koc, Przemyslaw"]
[Black "Boyer, Mahel"]
[WhiteFideId "1109081"]
[BlackFideId "45102422"]
[WhiteElo "2503"]
[BlackElo "2694"]
[Result "1-0"]
[Round "3"]
[TimeControl "180+2"]
[Date "2023.06.27"]
[WhiteClock "0:00:17"]
[BlackClock "0:00:00"]
[Board "72"]

1. d4 d5 2. Nf3 Nf6 3. c3 Bf5 4. Qb3 Nbd7 5. Qxb7 Nb6 6. Ne5 e6 7. Bg5 Be7 8. Qc6+ Kf8 9. Nd2 h6 10. Bh4 Rb8 11. e3 g5 12. Bg3 Nbd7 13. b4 a5 14. a3 h5 15. Nxd7+ Qxd7 16. Qxd7 Nxd7 17. Bxc7 Rc8 18. Bxa5 Rxc3 19. Bb5 Nf6 20. O-O Rc2 21. Nf3 Ne4 22. Rac1 Ra2 23. Ra1 Rb2 24. Ne5 g4 25. Nd3 Rd2 26. Rfd1 Rxd1+ 27. Rxd1 Nc3 28. Ra1 Nxb5 29. Nc5 Nc3 30. a4 Kg7 31. b5 Ne4 32. Bb4 Nd6 33. b6 Ra8 34. a5 Bd8 35. Rc1 Nc4 36. Nb7 Bxb6 37. axb6 Nxb6 38. Nd6 Bg6 39. Nb5 Nc4 40. Nd6 Nb2 41. Bc5 Nd3 42. Rd1 Nxc5 43. dxc5 1-0


[Site "https://www.chess.com"]

[Event "Titled Tuesday Blitz June 27 Late 2023"]
[White "Uzcategui Rodriguez, Alejandro"]
[Black "Velikanov, Alexander"]
[WhiteFideId "3903400"]
[BlackFideId "2039290"]
[WhiteElo "2502"]
[BlackElo "2689"]
[Result "0-1"]
[Round "3"]
[TimeControl "180+2"]
[Date "2023.06.27"]
[WhiteClock "0:00:00"]
[BlackClock "0:00:28"]
[Board "73"]

1. d4 g6 2. e4 Bg7 3. Nc3 a6 4. a4 d6 5. f4 Nf6 6. Nf3 O-O 7. Be2 c5 8. d5 e6 9. O-O exd5 10. exd5 Bg4 11. h3 Bxf3 12. Bxf3 Nbd7 13. Be3 Re8 14. Bf2 Qb6 15. Qd2 Qb4 16. a5 b5 17. axb6 Nxb6 18. f5 Nc4 19. Qg5 Qxb2 20. Ne2 Ne4 21. Bxe4 Rxe4 22. Ng3 Re5 23. Rfb1 Qc3 24. Rxa6 Rae8 25. Ra7 Qxc2 26. Rbb7 Rf8 27. Re7 Rxd5 28. h4 Rd1+ 29. Kh2 Qxf2 30. h5 Be5 31. Rxe5 Nxe5 0-1


[Site "https://www.chess.com"]

[Event "Titled Tuesday Blitz June 27 Late 2023"]
[White "Goncalves, Davi Sulzbacher"]
[Black "Vetoshko, Volodymyr"]
[WhiteFideId "2154510"]
[BlackFideId "14122480"]
[WhiteElo "2498"]
[BlackElo "2672"]
[Result "0-1"]
[Round "3"]
[TimeControl "180+2"]
[Date "2023.06.27"]
[WhiteClock "0:00:00"]
[BlackClock "0:00:03"]
[Board "74"]

1. Nf3 Nf6 2. d4 d5 3. Bg5 Ne4 4. Bh4 c5 5. e3 Qb6 6. Nc3 Nxc3 7. bxc3 Nc6 8. Be2 e6 9. O-O c4 10. e4 Be7 11. e5 O-O 12. Qd2 Qd8 13. Bxe7 Qxe7 14. a4 Bd7 15. a5 Qd8 16. Ng5 h6 17. Nh3 Nxa5 18. f4 Nc6 19. Rf3 f5 20. exf6 Qxf6 21. Nf2 a5 22. Ng4 Qf5 23. Rg3 Qxf4 24. Nxh6+ Kh7 25. Qxf4 Rxf4 26. Ng4 a4 27. h4 a3 28. h5 a2 29. h6 gxh6 30. Ne5 Nxe5 31. dxe5 Ra3 32. Bh5 Kh8 33. Kh2 Rf5 34. Bg6 Rxe5 35. Rf1 Rf5 36. Bxf5 exf5 37. Re1 a1=Q 38. Re7 Qxc3 39. Rxd7 Qxg3+ 0-1


[Site "https://www.chess.com"]

[Event "Titled Tuesday Blitz June 27 Late 2023"]
[White "Veiga, Jose Francisco R P Neves"]
[Black "Womacka, Mathias"]
[WhiteFideId "1930087"]
[BlackFideId "4611390"]
[WhiteElo "2671"]
[BlackElo "2497"]
[Result "1/2-1/2"]
[Round "3"]
[TimeControl "180+2"]
[Date "2023.06.27"]
[WhiteClock "0:01:29"]
[BlackClock "0:00:14"]
[Board "75"]

1. c4 c5 2. Nc3 Nf6 3. g3 d5 4. cxd5 Nxd5 5. Bg2 Nc7 6. Nf3 Nc6 7. O-O e5 8. d3 Be7 9. a3 O-O 10. Be3 Ne6 11. Rc1 Bd7 12. Ne4 b6 13. h4 h6 14. Qb3 Kh8 15. h5 f5 16. Nc3 f4 17. Bd2 Ned4 18. Qd5 Bg4 19. Nxe5 Nxe5 20. Qxe5 Bd6 21. Qd5 Rc8 22. Bxf4 Bxf4 23. gxf4 Nxe2+ 24. Nxe2 Bxe2 25. Rfe1 Bxd3 26. Rcd1 c4 27. Qxd8 Rcxd8 28. Re7 Rxf4 29. Rxa7 Rdf8 30. Rd2 R4f5 31. Rb7 Rg5 32. Rxb6 Be4 33. f3 Bxf3 34. Rg6 Bxh5 35. Rxg5 hxg5 36. Rd5 Bf3 37. Rxg5 Bxg2 38. Rxg2 Rf3 39. Rc2 Rb3 40. Kf2 c3 41. bxc3 Rxa3 42. Ke3 Kg8 43. Kd4 Kf7 44. c4 Ke6 45. Rg2 Ra1 46. Rxg7 Kd6 47. Rg6+ Kc7 48. Kc5 Ra5+ 49. Kb4 Rh5 50. c5 Rh1 51. Kb5 Rb1+ 52. Kc4 Rc1+ 53. Kd5 Rd1+ 54. Ke5 Re1+ 55. Kd4 Rd1+ 56. Kc3 Rc1+ 57. Kb4 Rb1+ 58. Ka5 Ra1+ 59. Kb5 Rb1+ 60. Ka4 Ra1+ 61. Kb3 Rb1+ 62. Kc2 Rb5 63. Kd3 Rxc5 64. Kd4 Rc6 65. Rxc6+ Kxc6 1/2-1/2


[Site "https://www.chess.com"]

[Event "Titled Tuesday Blitz June 27 Late 2023"]
[White "Yeritsyan, Hayk"]
[Black "Antonica, Dragos-Andrei"]
[WhiteFideId "13307320"]
[BlackFideId "1246372"]
[WhiteElo "2491"]
[BlackElo "2670"]
[Result "1/2-1/2"]
[Round "3"]
[TimeControl "180+2"]
[Date "2023.06.27"]
[WhiteClock "0:00:41"]
[BlackClock "0:01:03"]
[Board "76"]

1. d4 Nf6 2. Nf3 d5 3. e3 e6 4. Bd3 c6 5. Ne5 Nbd7 6. f4 g6 7. Nd2 Bg7 8. O-O O-O 9. Qf3 Nxe5 10. fxe5 Nd7 11. c3 b6 12. e4 Bb7 13. exd5 cxd5 14. Qh3 Qc8 15. Rf2 Ba6 16. Bc2 f6 17. Qxe6+ Kh8 18. exf6 Nxf6 19. Qxc8 Raxc8 20. h3 Rce8 21. Nf3 Ne4 22. Bxe4 dxe4 23. Ne5 Rxf2 24. Kxf2 Bxe5 25. dxe5 Rxe5 26. Be3 Rf5+ 27. Kg3 Kg8 28. Rd1 Bd3 29. b3 Kf7 30. Rd2 Ke6 31. Rf2 Rxf2 32. Kxf2 Bb1 33. a3 Bc2 34. c4 Bxb3 35. c5 b5 36. c6 Kd6 37. Bxa7 Kxc6 38. Ke3 Kd5 39. g3 Ke5 40. h4 Kf5 41. Bb6 Bc2 42. Bc7 Kg4 43. Bd6 h6 44. Bc7 Kf5 45. Bd6 g5 46. hxg5 hxg5 47. Bc7 g4 48. Bd6 Bd1 1/2-1/2


[Site "https://www.chess.com"]

[Event "Titled Tuesday Blitz June 27 Late 2023"]
[White "Goryachkina, Aleksandra"]
[Black "Koutsin, Sergey"]
[WhiteFideId "4147103"]
[BlackFideId "14101483"]
[WhiteElo "2670"]
[BlackElo "2495"]
[Result "0-1"]
[Round "3"]
[TimeControl "180+2"]
[Date "2023.06.27"]
[WhiteClock "0:00:01"]
[BlackClock "0:00:17"]
[Board "77"]

1. e4 e6 2. d4 d5 3. Nd2 a6 4. Ngf3 c5 5. exd5 exd5 6. dxc5 Bxc5 7. Bd3 Nf6 8. O-O O-O 9. Nb3 Bb6 10. Bg5 Nc6 11. c3 Bg4 12. h3 Bh5 13. Be2 Re8 14. Nfd4 Bxe2 15. Nxe2 h6 16. Bh4 Qd6 17. Bg3 Qd7 18. Ned4 Ne4 19. Qd3 Nxg3 20. fxg3 Nxd4 21. Nxd4 Re4 22. Kh2 Bxd4 23. cxd4 Rae8 24. Rac1 Qd6 25. Qf3 f6 26. Qh5 Kh7 27. Qf5+ Kg8 28. Qg6 Re2 29. Rc3 Qd7 30. Rfc1 Qf7 31. Qxf7+ Kxf7 32. Rc7+ R8e7 33. Rxe7+ Rxe7 34. Rc2 Re4 35. Rc7+ Re7 36. Rc2 Ke6 37. g4 Kd6 38. Kg3 Re3+ 39. Kf4 Rd3 40. Kf5 Rxd4 41. Kg6 Rf4 42. Kxg7 d4 43. Kxh6 Kd5 44. g5 fxg5 45. Kxg5 Rf1 46. h4 d3 47. Rc8 Ke4 48. Rd8 Ke3 49. h5 d2 50. h6 Rf8 51. Rxd2 Kxd2 52. g4 Ke3 53. Kg6 Kf4 54. g5 Rf5 55. h7 Rxg5+ 56. Kh6 Rg2 57. h8=Q Rh2+ 58. Kg7 Rxh8 59. Kxh8 Ke4 60. Kg7 Kd3 61. Kf6 Kc2 62. Ke6 Kxb2 0-1


[Site "https://www.chess.com"]

[Event "Titled Tuesday Blitz June 27 Late 2023"]
[White "Cuenca Jimenez, Jose Fernando"]
[Black "Urbina Perez, Juan Antonio"]
[WhiteFideId "2255570"]
[BlackFideId "2217368"]
[WhiteElo "2669"]
[BlackElo "2485"]
[Result "1-0"]
[Round "3"]
[TimeControl "180+2"]
[Date "2023.06.27"]
[WhiteClock "0:01:17"]
[BlackClock "0:00:10"]
[Board "78"]

1. c4 c6 2. d4 d5 3. Nc3 Nf6 4. e3 a6 5. c5 Bf5 6. f4 Nbd7 7. Bd2 Ne4 8. Nf3 Nxd2 9. Qxd2 e6 10. Bd3 Bxd3 11. Qxd3 Be7 12. O-O O-O 13. b4 b6 14. a3 a5 15. h3 Qc7 16. Rfc1 Qb7 17. Rab1 axb4 18. axb4 b5 19. Nd2 Ra3 20. Nb3 Rfa8 21. Na5 Qc8 22. Qc2 Bd8 23. Qb2 R3xa5 24. bxa5 Bxa5 25. Na2 f6 26. Ra1 Rb8 27. Nb4 Bxb4 28. Qxb4 e5 29. Ra7 Nf8 30. dxe5 fxe5 31. fxe5 Ng6 32. Qd4 Qe6 33. Rca1 Nxe5 34. Ra8 Rxa8 35. Rxa8+ Kf7 36. Qf4+ Qf6 37. Kf1 Qxf4+ 38. exf4 Nd3 39. Rc8 Nxc5 40. Rxc6 Nd3 41. Rc3 Nb2 42. Rb3 Nc4 43. Rxb5 Ke6 44. Ke2 Nd6 45. Rb6 Ke7 46. Kd3 Ne4 47. Kd4 Nf6 48. Rb7+ Kf8 49. g4 h6 50. g5 hxg5 51. fxg5 Ne4 52. h4 Ng3 53. Kxd5 Nf5 54. Rb4 Kf7 55. Ke5 Ng3 56. Kf4 Ne2+ 57. Kg4 Kg6 58. h5+ Kh7 59. Rb8 g6 60. Rb7+ Kg8 61. h6 Nd4 62. Rg7+ Kh8 63. Rxg6 Kh7 64. Rd6 1-0


[Site "https://www.chess.com"]

[Event "Titled Tuesday Blitz June 27 Late 2023"]
[White "Flynn, Jacob"]
[Black "Harikrishnan.A.Ra"]
[WhiteFideId "2509393"]
[BlackFideId "5081483"]
[WhiteElo "2481"]
[BlackElo "2669"]
[Result "0-1"]
[Round "3"]
[TimeControl "180+2"]
[Date "2023.06.27"]
[WhiteClock "0:01:56"]
[BlackClock "0:02:00"]
[Board "79"]

1. d4 d5 2. c4 c6 3. Nc3 Nf6 4. cxd5 cxd5 5. Bf4 Nc6 6. e3 a6 7. Bd3 e6 8. Nf3 Bd6 9. Bg3 O-O 10. Ne5 Bxe5 11. dxe5 Nd7 12. f4 Qb6 13. Qe2 Nc5 14. Bb1 d4 15. Ne4 d3 16. Bxd3 Nxe4 17. Bxe4 Qb4+ 18. Qd2 Qxe4 19. O-O b5 20. Rac1 Bb7 21. Qe2 Nd4 22. Qf2 Nf5 23. Rc7 Rac8 24. Rfc1 Rxc7 25. Rxc7 Rc8 26. Rd7 Rc1+ 0-1


[Site "https://www.chess.com"]

[Event "Titled Tuesday Blitz June 27 Late 2023"]
[White "Zamorano, Jorge"]
[Black "Toniutti, Ezio"]
[WhiteFideId "173770"]
[BlackFideId "113034"]
[WhiteElo "2665"]
[BlackElo "2480"]
[Result "0-1"]
[Round "3"]
[TimeControl "180+2"]
[Date "2023.06.27"]
[WhiteClock "0:00:09"]
[BlackClock "0:01:30"]
[Board "80"]

1. d4 d5 2. c4 c6 3. Nf3 Nf6 4. Nc3 dxc4 5. a4 Bf5 6. e3 e6 7. Bxc4 Bb4 8. O-O O-O 9. Qe2 Bg6 10. Ne5 Nbd7 11. Nxg6 hxg6 12. Rd1 Qc7 13. Bd2 Rad8 14. Rac1 Qa5 15. Bb3 e5 16. h3 Rfe8 17. Qc4 Re7 18. Be1 Nb6 19. Qd3 exd4 20. exd4 Nbd5 21. Nxd5 Nxd5 22. Bxb4 Qxb4 23. Rc4 Re1+ 24. Kh2 Qd6+ 25. g3 Rde8 26. Rcc1 Qf6 27. Kg2 R1e2 28. Qf3 Ne3+ 0-1


[Site "https://www.chess.com"]

[Event "Titled Tuesday Blitz June 27 Late 2023"]
[White "Kovalevsky, Stanislav"]
[Black "Stoleriu, George"]
[WhiteFideId "13508598"]
[BlackFideId "1227505"]
[WhiteElo "2477"]
[BlackElo "2660"]
[Result "0-1"]
[Round "3"]
[TimeControl "180+2"]
[Date "2023.06.27"]
[WhiteClock "0:00:04"]
[BlackClock "0:00:22"]
[Board "81"]

1. c4 e5 2. Nc3 Nc6 3. g3 g6 4. Bg2 Bg7 5. h4 h5 6. d3 d6 7. Nf3 Bg4 8. Nd5 Nge7 9. Bg5 O-O 10. Nf6+ Kh8 11. Qd2 Bxf3 12. Bxf3 Nd4 13. Bxb7 Rb8 14. Bg2 Ne6 15. g4 c6 16. gxh5 Qc7 17. hxg6 fxg6 18. Ng4 e4 19. Rb1 exd3 20. Qxd3 Nf4 21. Bxf4 Rxf4 22. Bf3 Qa5+ 23. Kf1 Qf5 24. Qxf5 gxf5 25. Ne3 Rxb2 26. Rxb2 Bxb2 27. h5 Rd4 28. Ke1 Bc3+ 29. Kf1 Rd2 30. h6 Bd4 31. Kg2 Bxe3 32. fxe3 Rxa2 33. Rh5 Rc2 34. Rg5 Rxc4 35. Rg7 Ng8 36. Rxa7 Nxh6 37. Rc7 Ng4 38. Rxc6 Nxe3+ 39. Kg3 f4+ 40. Kf2 Rd4 41. Rc7 Rd1 42. Bg2 Nf5 43. Be4 Ng3 44. Bf3 Rf1+ 45. Kg2 Re1 46. Kh3 Nxe2 47. Bxe2 Rxe2 48. Kg4 Re4 49. Rd7 Rd4 50. Kf3 Kg8 51. Kg4 Kf8 52. Ra7 Ke8 53. Kf3 Rc4 54. Kg4 d5 55. Kf3 Re4 56. Rb7 Rd4 57. Ra7 Rc4 58. Rb7 Kd8 59. Rh7 Re4 60. Ra7 Re7 61. Rxe7 Kxe7 62. Kxf4 Kd6 63. Kf3 Kc5 64. Ke3 Kc4 65. Ke2 Kc3 66. Ke1 Kc2 67. Ke2 d4 68. Kf3 d3 69. Ke4 d2 0-1


[Site "https://www.chess.com"]

[Event "Titled Tuesday Blitz June 27 Late 2023"]
[White "Manukyan, Sargis A."]
[Black "Haitin, Ilja"]
[WhiteFideId "13303970"]
[BlackFideId "4501764"]
[WhiteElo "2655"]
[BlackElo "2476"]
[Result "1-0"]
[Round "3"]
[TimeControl "180+2"]
[Date "2023.06.27"]
[WhiteClock "0:00:45"]
[BlackClock "0:00:01"]
[Board "82"]

1. d4 Nf6 2. c4 e6 3. Nc3 Bb4 4. a3 Bxc3+ 5. bxc3 b6 6. e3 Bb7 7. f3 c5 8. Bd3 Nc6 9. Ne2 Rc8 10. O-O O-O 11. e4 Ne8 12. Ng3 e5 13. d5 Na5 14. f4 exf4 15. Bxf4 Ba6 16. Qe2 d6 17. e5 dxe5 18. Bxe5 Nd6 19. Qg4 g6 20. Bf6 Qc7 21. Qg5 Ne8 22. Be5 f6 23. Rxf6 Qe7 24. Rxg6+ hxg6 25. Qxe7 1-0


[Site "https://www.chess.com"]

[Event "Titled Tuesday Blitz June 27 Late 2023"]
[White "Karttunen, Mika"]
[Black "Reprintsev, Alexander"]
[WhiteFideId "502081"]
[BlackFideId "14100541"]
[WhiteElo "2652"]
[BlackElo "2473"]
[Result "0-1"]
[Round "3"]
[TimeControl "180+2"]
[Date "2023.06.27"]
[WhiteClock "0:00:09"]
[BlackClock "0:01:24"]
[Board "83"]

1. e4 d5 2. exd5 Qxd5 3. Nc3 Qa5 4. Bc4 Nf6 5. d4 Bg4 6. f3 Bf5 7. Ne2 h5 8. Bd2 Qb6 9. a4 a5 10. Bb3 Nc6 11. d5 Nb4 12. Nb5 Nbxd5 13. c4 Nb4 14. Bxb4 axb4 15. c5 Qa5 16. Nbd4 O-O-O 17. Qc1 e6 18. c6 Bc5 19. Nb5 Qb6 20. Bc4 bxc6 21. a5 Bf2+ 22. Kf1 Qe3 23. Qxe3 Bxe3 24. a6 cxb5 25. a7 Kb7 26. Bxb5 Bxa7 27. Ba6+ Kb8 0-1


[Site "https://www.chess.com"]

[Event "Titled Tuesday Blitz June 27 Late 2023"]
[White "Weishaeutel, Moritz"]
[Black "Camacho Collados, Marcos"]
[WhiteFideId "12967300"]
[BlackFideId "2266237"]
[WhiteElo "2652"]
[BlackElo "2468"]
[Result "0-1"]
[Round "3"]
[TimeControl "180+2"]
[Date "2023.06.27"]
[WhiteClock "0:00:10"]
[BlackClock "0:01:45"]
[Board "84"]

1. e4 c5 2. d4 cxd4 3. c3 dxc3 4. Nxc3 Nc6 5. Nf3 e6 6. Bc4 Nge7 7. O-O Ng6 8. Nd5 Be7 9. Nxe7 Qxe7 10. Re1 O-O 11. e5 Qc5 12. Bd3 f5 13. exf6 Rxf6 14. Be3 Qh5 15. Qd2 Rxf3 16. gxf3 Nh4 17. Be2 Ne5 18. Bf4 Qg6+ 19. Bg3 Nhxf3+ 20. Kh1 Nxd2 21. Bxe5 Qe4+ 22. f3 Qxe5 23. Rad1 Qe3 24. Bf1 Qxf3+ 25. Bg2 Qf2 26. Re5 d5 27. Rg5 Bd7 28. Rg1 g6 29. Rg3 Rf8 30. Bh3 d4 31. Bg4 Bc6+ 0-1


[Site "https://www.chess.com"]

[Event "Titled Tuesday Blitz June 27 Late 2023"]
[White "Tomaszewski, Kacper"]
[Black "Papp, Levente"]
[WhiteFideId "1127373"]
[BlackFideId "751243"]
[WhiteElo "2464"]
[BlackElo "2648"]
[Result "0-1"]
[Round "3"]
[TimeControl "180+2"]
[Date "2023.06.27"]
[WhiteClock "0:00:19"]
[BlackClock "0:01:00"]
[Board "85"]

1. e4 e6 2. Nf3 d5 3. e5 Ne7 4. g3 c5 5. Bg2 Nbc6 6. c3 b5 7. O-O Bb7 8. Qe2 a6 9. a4 c4 10. d3 h6 11. axb5 axb5 12. Rxa8 Qxa8 13. Na3 Qa4 14. dxc4 bxc4 15. Be3 Nf5 16. Ra1 Qb3 17. Bh3 Nxe3 18. Qxe3 Qxb2 19. Rb1 Qxa3 20. Rxb7 Bc5 21. Qf4 O-O 22. Rc7 Ne7 23. Nh4 Rb8 24. Kg2 Rb2 25. Rxe7 Bxe7 26. Ng6 Bc5 0-1


[Site "https://www.chess.com"]

[Event "Titled Tuesday Blitz June 27 Late 2023"]
[White "Dobre, Claudiu-Cristian"]
[Black "Lamard, Guillaume"]
[WhiteFideId "1211854"]
[BlackFideId "600261"]
[WhiteElo "2462"]
[BlackElo "2647"]
[Result "0-1"]
[Round "3"]
[TimeControl "180+2"]
[Date "2023.06.27"]
[WhiteClock "0:00:00"]
[BlackClock "0:00:06"]
[Board "86"]

1. e4 c6 2. Nf3 d5 3. exd5 cxd5 4. Ne5 Nc6 5. Bb5 Bd7 6. Nxd7 Qxd7 7. d4 a6 8. Be2 Nf6 9. O-O e6 10. Bf4 Bd6 11. Bg3 h5 12. Bh4 Qc7 13. h3 Ne4 14. Nd2 Nxd2 15. Qxd2 Bf4 16. Qd3 g5 17. Bg3 h4 18. Bxf4 Qxf4 19. c3 Kf8 20. Qe3 Qxe3 21. fxe3 Kg7 22. a4 b6 23. Bd3 f5 24. Bxf5 exf5 25. Rxf5 Kg6 26. Raf1 Rac8 27. Rxd5 Rhd8 28. Rdf5 Re8 29. Rf6+ Kh5 30. R1f3 b5 31. axb5 axb5 32. Kf2 b4 33. c4 Na5 34. c5 Nc4 35. Ke2 Nxb2 36. R3f5 Nc4 37. Kd3 Nxe3 38. Rf3 Nxg2 39. Kc4 Rb8 40. Rb3 Nf4 41. c6 Nxh3 0-1


[Site "https://www.chess.com"]